 Dungeon Crawl Stone Soup version 0.27-a0-1497-gf8f22f7954 (webtiles) character file.

Game seed: 9415700988583622113

72 Lekart the Skirmisher (level 4, 0/60 HPs)
             Began as a Draconian Chaos Knight on July 7, 2021.
             Was a Plaything of Xom.
             Slain by Crazy Yiuf (6 damage)
             ... while paralysed by Crazy Yiuf
             ... on level 2 of the Dungeon.
             The game lasted 00:01:29 (1325 turns).

Lekart the Skirmisher (Draconian Chaos Knight)      Turns: 1325, Time: 00:01:30

Health: 0/60       AC:  5    Str: 16    XL:     4   Next: 7%
Magic:  3/5        EV:  2    Int: 12    God:    Xom [..*...]
Gold:   77         SH:  0    Dex: 10    Spells: 5/5 levels left

rFire    . . .     SeeInvis .   a - +0 falchion (drain)
rCold    . . .     Faith    .   (no shield)
rNeg     . . .     Spirit   .   (armour unavailable)
rPois    .         Reflect  .   (helmet restricted)
rElec    .         Harm     .   (no cloak)
rCorr    .         Rampage  .   (no gloves)
Will     .....                  (no boots)
Stlth    ..........             (no amulet)
HPRegen  0.20/turn              (no ring)
MPRegen  0.09/turn              (no ring)

@: paralysed, mighty, berserking, lethally poisoned (0 -> -2), hasted
A: AC +5, unfitting armour, cold-blooded
a: Renounce Religion


You were on level 2 of the Dungeon.
You worshipped Xom.
You were a toy of Xom.
You visited 1 branch of the dungeon, and saw 2 of its levels.

You collected 77 gold pieces.

Inventory:

Hand Weapons
 a - a +0 falchion of draining (weapon)
Jewellery
 g - an amulet of magic regeneration
Scrolls
 c - a scroll of noise {unknown}
 d - a scroll of immolation {unknown}
 e - a scroll of teleportation {unknown}
 h - a scroll of identify
Potions
 b - a potion of heal wounds
 f - 2 potions of flight {unknown}


   Skills:
 + Level 4.0 Fighting
 + Level 3.8 Long Blades
 + Level 2.5 Dodging
 * Level 1.2 Spellcasting


You had 5 spell levels left.
You didn't know any spells.
Your spell library was empty.

Dungeon Overview and Level Annotations

Branches:
Dungeon (2/15)

Altars:
Xom

Shops:
D:2 [

Annotations:
D:2 Crazy Yiuf


Innate Abilities, Weirdness & Mutations

Your plain brown scales are hard. (AC +5)
You cannot fit into any form of body armour.
You are cold-blooded and may be slowed by cold attacks.


Message History

Crazy Yiuf is heavily wounded.
You feel very sick. Crazy Yiuf completely misses you.
You hit Crazy Yiuf but do no damage.
Your tail-slap misses Crazy Yiuf.
Crazy Yiuf is heavily wounded.
You feel sick.
Crazy Yiuf hits you with a +2 quarterstaff of chaos!
* * * LOW HITPOINT WARNING * * *
Space bends around you.
* * * LOW HITPOINT WARNING * * *
You hit Crazy Yiuf but do no damage.
Crazy Yiuf is heavily wounded.
* * * LOW HITPOINT WARNING * * *
You feel sick.
You hit Crazy Yiuf but do no damage.
Crazy Yiuf is heavily wounded.
* * * LOW HITPOINT WARNING * * *
You feel sick. Crazy Yiuf closely misses you.
You riposte.
You hit Crazy Yiuf. You drain Crazy Yiuf.
You tail-slap Crazy Yiuf, but do no damage.
Crazy Yiuf is severely wounded.
You feel much better.
You feel sick.
Crazy Yiuf hits you with a +2 quarterstaff of chaos!
You suddenly lose the ability to move!
You feel sick.
Crazy Yiuf hits you with a +2 quarterstaff of chaos!
* * * LOW HITPOINT WARNING * * *
You feel very mighty all of a sudden.
Xom thinks this is hilarious! x2
You feel sick. Xom smiles on you.
A red film seems to cover your vision as you go berserk!
You feel yourself moving faster!
You feel mighty!
Crazy Yiuf hits you with a +2 quarterstaff of chaos!
* * * LOW HITPOINT WARNING * * *
You feel your power leaking away.
You feel sick.
Crazy Yiuf hits you with a +2 quarterstaff of chaos.
You die...
Xom laughs nastily!

## .## ..#######
### ♣♣####
........##
#)..#♣♣ ♣♣..#.##
.....##..#
#...g@♣♣♣♣......#
.......#.#
#...#♣..♣.......#
.......#.# ###
♣♣♣.♣...##.#
.........#
♣♣♣♣♣###.#
.........# ##.#
......#..##
####..#
......#...#
#....>##
.)......#.##
#......##
.......##..#
#.......#


You could see Crazy Yiuf (drained).

Vanquished Creatures
  An adder (D:2)
  A gnoll (D:1)
  A river rat (D:1)
  A worm (D:2)
  A dart slug (D:1)
  3 bats
  6 endoplasms
  5 giant cockroaches
  5 goblins
  3 hobgoblins
  A jackal (D:2)
  4 kobolds
  A ball python (D:1)
  3 rats
36 creatures vanquished.

Notes
Turn   | Place    | Note
-------+----------+-------------------------------------------
     0 | D:1      | Lekart the Draconian Chaos Knight began the quest for the
                  | Orb.
     0 | D:1      | Reached XP level 1. HP: 19/19 MP: 1/1
    82 | D:1      | XOM: smoke on damage
    94 | D:1      | Reached XP level 2. HP: 22/26 MP: 2/2
   310 | D:1      | Reached XP level 3. HP: 17/33 MP: 4/4
   394 | D:1      | XOM: silly message
   478 | D:1      | Reached skill level 1 in Spellcasting
   517 | D:1      | XOM: divination: detect items
   658 | D:1      | XOM: silly message
   848 | D:2      | Found a faded altar of an unknown god.
   881 | D:2      | Reached skill level 4 in Fighting
   935 | D:2      | Found a shimmering altar of Xom.
   941 | D:2      | XOM is BORED!
   941 | D:2      | XOM: silly message
   945 | D:2      | Found Qiddeil's Antique Armour Shop.
  1003 | D:2      | XOM is BORED!
  1003 | D:2      | XOM: silly message
  1004 | D:2      | Reached XP level 4. HP: 33/40 MP: 5/5
  1134 | D:2      | Found a runed translucent door.
  1135 | D:2      | Noticed Crazy Yiuf
  1322 | D:2      | Paralysed by Crazy Yiuf for 3 turns
  1324 | D:2      | XOM: potion effect (berserk rage)
  1325 | D:2      | Slain by Crazy Yiuf

Illustrated notes

Levels and vault maps discovered:
D:1:      erik_arrival_triangle_medium, layout_rooms
D:2:      cheibrodos_old_hovel, layout_rooms,
          hellmonk_ecumenical_altar_slurped_away, basic_altar, serial_shops,
          shop, minmay_misc_feat_diagonals, uniq_crazy_yiuf_cottage

Skill      XL: |  1  2  3 |
---------------+----------+-----
Spellcasting   | 1 |  1.2
Fighting       | 4 |  4.0
Long Blades    | |  3.8
Dodging        | |  2.5

Action                   |  1- 3 |  4- 6 || total
-------------------------+-------+-------++-------
Melee: Falchion          |    97 |    13 ||   110
       Tailslap          |    13 |     2 ||    15
  Use: Scroll            |     2 |       ||     2
       Potion            |       |     1 ||     1
Armor: Skin              |    36 |     2 ||    38
Dodge: Dodged            |    60 |     8 ||    68
       Rpst.: Falchion   |    20 |     5 ||    25

Table legend: (Time is in decaauts)
 A = Elapsed time spent in this place.
 B = Non-inter-level travel time spent in this place.
 C = Inter-level travel time spent in this place.
 D = Time resting spent in this place.
 E = Time spent auto-exploring this place.
 F = Levels seen in this place.
 G = Mean time per level.
                   A        B        C        D        E       F      G
               +--------+--------+--------+--------+--------+-----+--------+
         Total |   1336 |   1317 |     19 |      0 |   1083 |   2 |  668.0 |
       Dungeon |   1336 |   1317 |     19 |      0 |   1083 |   2 |  668.0 |
               +--------+--------+--------+--------+--------+-----+--------+

Top non-repeatable levels by time:
     D:1: 760 daAuts
     D:2: 576 daAuts
